 Seeded DCSS version 0.30-a0-52-g86a8295270 (webtiles) character file.

Game seed: 20220906 (custom seed)

17 purpskrrrp the Trooper (level 2, -8/24 HPs)
             Began as a Demonspawn Fighter on Sept 6, 2022.
             Mangled by Sigmund
             ... wielding a +0 scythe
              (10 damage)
             ... on level 2 of the Dungeon.
             The game lasted 00:00:58 (737 turns).

purpskrrrp the Trooper (Demonspawn Fighter)          Turns: 737, Time: 00:00:59

Health: -8/24      AC:  6    Str: 16    XL:     2   Next: 44%
Magic:  2/2        EV:  8    Int:  9    God:
Gold:   37         SH:  4    Dex: 12    Spells: 1/1 levels left

rFire   . . .      SeeInvis .    a - +0 war axe
rCold   . . .      Faith    .    c - +0 buckler
rNeg    . . .      Spirit   .    b - +0 scale mail
rPois   .          Reflect  .    (no helmet)
rElec   .          Harm     .    (no cloak)
rCorr   .          Rampage  .    (no gloves)
Will    .....                    (no boots)
Stlth   ..........               (no amulet)
HPRegen 0.08/turn                (no ring)
MPRegen 0.08/turn                (no ring)

@: mighty
A: hooves 1
a: no special abilities


You were on level 2 of the Dungeon.
You visited 1 branch of the dungeon, and saw 2 of its levels.

You collected 37 gold pieces.

Inventory:

Hand Weapons
 a - a +0 war axe (weapon)
Armour
 b - a +0 scale mail (worn)
 c - a +0 buckler (worn)
Jewellery
 e - a +4 ring of evasion
Scrolls
 f - a scroll of amnesia {unknown}
 g - a scroll of enchant weapon {unknown}
 h - a scroll of fog {unknown}
 i - a scroll of brand weapon {unknown}
 j - a scroll of noise {unknown}
 k - a scroll of identify {unknown}
Potions
 l - a potion of curing {unknown}


   Skills:
 + Level 3.1 Fighting
 * Level 2.1 Axes
 + Level 2.9 Armour
 + Level 0.2 Dodging
 + Level 2.9 Shields


You had one spell level left.
You didn't know any spells.
Your spell library was empty.

Dungeon Overview and Level Annotations

Branches:
Dungeon (2/15)

Altars:

Annotations:
D:2 Sigmund


Innate Abilities, Weirdness & Mutations

You have large cloven feet.


Message History

You climb downwards.
Found a leather armour, a ring mail and 14 gold pieces.
There is a stone staircase leading up here.
Sigmund hits you but does no damage.
You hit Sigmund.
Sigmund is lightly wounded.
You slash Sigmund!
Sigmund is heavily wounded.
Sigmund hits you but does no damage.
You completely miss Sigmund.
Sigmund is heavily wounded.
Sigmund casts a spell at you. You resist with significant effort.
Sigmund hits you with a +0 scythe.
You barely miss Sigmund.
Sigmund is heavily wounded.
Sigmund casts a spell at you. You resist with significant effort.
You hit Sigmund. Your kick misses Sigmund.
Sigmund is heavily wounded.
Sigmund gestures wildly while chanting.
Sigmund flickers and vanishes!
Deactivating autopickup; reactivate with Ctrl-A.
No target in view!
No target in view!
No target in view!
No target in view!
No target in view!
No target in view!
No target in view!
You hit something. You kick something. You block something's attack.
You barely miss something. Your kick misses something. Something hits you!
You miss something. You block something's attack.
You feel very mighty all of a sudden. Something hits you!
* * * LOW HITPOINT WARNING * * *
You slash something! Your kick misses something.
You hear some strange, mumbled words.
Something tries to affect you, but you resist.
You completely miss something. Something hits you!
You die...

#....$.#.#
#........ .....
.#........ .....
......... ....[.
#....... .....#
.#......##......
................
.......<.[......
##.###..@.......
........{......
...##..........
... +........#.#
.. ##.......# .
. ..........
.#..........
.............


There were no monsters in sight!

Vanquished Creatures
  2 ball pythons (D:1)
  3 endoplasms (D:1)
  2 goblins (D:1)
  2 hobgoblins (D:1)
  A quokka (D:1)
  A bat (D:1)
  3 frilled lizards (D:1)
  A kobold (D:1)
15 creatures vanquished.

Notes
Turn   | Place    | Note
-------+----------+-------------------------------------------
     0 | D:1      | purpskrrrp the Demonspawn Fighter began the quest for the
                  | Orb.
     0 | D:1      | Reached XP level 1. HP: 18/18 MP: 1/1
   178 | D:1      | Gained mutation: You have large cloven feet. [demonic
                  | ancestry]
   178 | D:1      | Reached XP level 2. HP: 21/24 MP: 2/2
   596 | D:1      | Found a faded altar of an unknown god.
   725 | D:2      | Noticed Sigmund
   735 | D:2      | HP: 1/24 [something (7)]
   737 | D:2      | Mangled by Sigmund

Illustrated notes

Levels and vault maps discovered:
D:1:      dpeg_arrival_court, layout_loops_ring,
          shapermc_ecumenical_altar_mp_highgroup
D:2:      layout_basic, st_stairs_10, chequers_mini_garden,
          serial_park_tiny_pond, minivault_24, uniq_sigmund

Skill      XL: |  1 |
---------------+----+-----
Axes           | 2 |  2.1
Fighting       | |  3.1
Armour         | |  2.9
Dodging        | |  0.2
Shields        | |  2.9

Action                   || total
-------------------------++-------
Melee: War axe           ||    43
       Kick              ||     3
  Use: Potion            ||     1
Armor: Scale mail        ||    17
Dodge: Dodged            ||    15
Block: Buckler           ||    13

Table legend: (Time is in decaauts)
 A = Elapsed time spent in this place.
 B = Non-inter-level travel time spent in this place.
 C = Inter-level travel time spent in this place.
 D = Time resting spent in this place.
 E = Time spent auto-exploring this place.
 F = Levels seen in this place.
 G = Mean time per level.
                   A        B        C        D        E       F      G
               +--------+--------+--------+--------+--------+-----+--------+
         Total |    755 |    731 |     24 |      0 |    607 |   2 |  377.5 |
       Dungeon |    755 |    731 |     24 |      0 |    607 |   2 |  377.5 |
               +--------+--------+--------+--------+--------+-----+--------+

Top non-repeatable levels by time:
     D:1: 739 daAuts
     D:2: 15 daAuts
